 Dungeon Crawl Stone Soup version 0.26.0-16-gc1dbca0489 (webtiles) character file.

Game seed: 11160561874133938132

4174 EnegeticOcto the Basher (level 10, -5/68 HPs)
             Began as a Halfling Necromancer on Jan 17, 2021.
             Was an Initiate of Qazlal.
             Slain by a two-headed ogre
             ... wielding a +0 giant spiked club
              (15 damage)
             ... on level 9 of the Dungeon.
             The game lasted 00:16:20 (11685 turns).

EnegeticOcto the Basher (Halfling Necromancer)     Turns: 11685, Time: 00:16:20

Health: -5/68      AC: 17    Str: 12    XL:     10   Next: 53%
Magic:  12/12      EV:  4    Int: 13    God:    Qazlal [......]
Gold:   495        SH:  4    Dex: 16    Spells: 12/12 levels left

rFire    . . .     SeeInvis .   L - +1 fustibalus (flame)
rCold    . . .     Faith    .   p - +0 buckler (curse)
rNeg     . . .     Spirit   .   q - +1 plate armour "Behuly" {-Tele Harm rElec rPois Stlth+} (curse)
rPois    +         Reflect  .   w - +1 helmet
rElec    +         Harm     +   G - +0 cloak
rCorr    .         Rampage  .   (no gloves)
Will     +....     NoTele   +   k - +2 pair of boots
Stlth    ..........             O - amulet of regeneration
HPRegen  0.61/turn              h - ring of willpower
MPRegen  0.13/turn              m - ring of poison resistance

@: no status effects
A: small, mutation resistance 1
a: Renounce Religion


You were on level 9 of the Dungeon.
You worshipped Qazlal.
Qazlal was noncommittal.
You visited 2 branches of the dungeon, and saw 10 of its levels.

You collected 495 gold pieces.

Inventory:

Hand Weapons
 a - a +2 whip of venom
   (You took it off a kobold on level 1 of the Dungeon)
 b - a +0 flail
   (You took it off an orc on level 5 of the Dungeon)
 L - a +1 fustibalus of flaming (weapon)
   (You found it on level 8 of the Dungeon)
Missiles
 g - 280 stones (quivered ammo)
 s - 3 boomerangs of dispersal
 F - 27 boomerangs
 P - 16 sling bullets
Armour
 i - a scarf of invisibility
   (You found it on level 1 of the Dungeon)
 k - a +2 pair of boots (worn)
   (You found it on level 4 of the Dungeon)
 p - a cursed +0 buckler (worn)
   (You found it on level 4 of the Dungeon)
 q - the cursed +1 plate armour "Behuly" (worn) {-Tele Harm rElec rPois Stlth+}
   (You found it on level 7 of the Dungeon)

   It insulates you from electricity.
   It protects you from poison.
   It prevents most forms of teleportation.
   It increases damage dealt and taken.
   It makes you more stealthy.
   It has a curse placed upon it.
 r - a +0 scale mail
   (You found it on level 2 of the Dungeon)
 v - a +0 kite shield
   (You found it on level 3 of the Dungeon)
 w - a +1 helmet (worn)
   (You found it on level 3 of the Dungeon)
 G - a +0 cloak (worn)
   (You found it on level 6 of the Dungeon)
 J - +0 acid dragon scales
   (You took it off Maggie on level 8 of the Dungeon)
Jewellery
 h - a ring of willpower (left hand)
   (You found it on level 3 of the Dungeon)
 m - a ring of poison resistance (right hand)
   (You found it on level 1 of the Dungeon)
 O - an amulet of regeneration (around neck)
   (You found it on level 8 of the Dungeon)
Wands
 t - a wand of digging (5) {@v3}
   (You found it on level 4 of the Dungeon)
 D - a wand of flame (22) {@v4}
   (You found it on level 6 of the Dungeon)
Scrolls
 d - a scroll of blinking {@r4}
 f - 3 scrolls of teleportation {@r3 !r}
 y - a scroll of fog {!r}
 C - 3 scrolls of magic mapping {@r5 !r}
Potions
 c - a potion of attraction
 e - 3 potions of flight
 l - a potion of heal wounds {@q2 !q}
 n - 2 potions of mutation
 o - 5 potions of curing {@q1 !q}
 u - 2 potions of lignification {@q6}
 z - a potion of magic {unknown}
 B - 3 potions of haste {unknown}
 E - a potion of cancellation {unknown}
 I - a potion of ambrosia {unknown}
 K - a potion of resistance {unknown}
 M - a potion of might {unknown}


   Skills:
 - Level 6.0 Fighting
 - Level 0.4 Short Blades
 - Level 10.3 Maces & Flails
 + Level 3.5(6.2) Slings
 - Level 5.5(5.8) Throwing
 - Level 2.1 Dodging
 - Level 2.1 Stealth
 - Level 1.5 Spellcasting
 - Level 3.2 Necromancy


You had 12 spell levels left.
You didn't know any spells.
Your spell library contained the following spells:

 Spells                   Type           Power        Failure   Level
 Animate Skeleton         Necr           18%          100%        1
 Pain                     Necr           36%          100%        1
 Vampiric Draining        Necr           4%           100%        3
 Animate Dead             Necr           4%           100%        4
 Agony                    Necr           9%           100%        5


Dungeon Overview and Level Annotations

Branches:
Dungeon (9/15)             Temple (1/1) D:5
   Lair: D:8-11         Orc: D:9-12

Altars:
Ashenzari
Cheibriados
Dithmenos
Elyvilon
Fedhas
Gozag
Hepliaklqana
Kikubaaqudgha
Makhleb
Nemelex Xobeh
Okawaru
Qazlal
Ru
Sif Muna
Trog
Uskayaw
Vehumet
Wu Jian
Xom
Yredelemnul
Zin
The Shining One


Innate Abilities, Weirdness & Mutations

You are small and have problems with some larger weapons.
You are somewhat resistant to further mutation.


Message History

There is a stone staircase leading up here.
A two-headed ogre zombie is nearby!
You shoot a stone.
The stone hits the two-headed ogre zombie but does no damage.
You shoot a stone.
The stone hits the two-headed ogre zombie!
The stone burns the two-headed ogre zombie.
The two-headed ogre zombie is lightly damaged.
You shoot a stone.
The stone hits the two-headed ogre zombie!
The stone burns the two-headed ogre zombie.
The two-headed ogre zombie is moderately damaged.
You shoot a stone.
The stone hits the two-headed ogre zombie!
The stone burns the two-headed ogre zombie!
The two-headed ogre zombie is heavily damaged.
You shoot a stone.
The stone hits the two-headed ogre zombie!
The stone burns the two-headed ogre zombie.
The two-headed ogre zombie is severely damaged.
You shoot a stone.
The stone hits the two-headed ogre zombie.
The stone burns the two-headed ogre zombie.
The two-headed ogre zombie is almost destroyed.
You shoot a stone.
The stone hits the two-headed ogre zombie!
The stone burns the two-headed ogre zombie.
The two-headed ogre zombie is almost destroyed.
You shoot a stone.
The stone hits the two-headed ogre zombie!
The stone burns the two-headed ogre zombie.
You destroy the two-headed ogre zombie!
Qazlal accepts your kill.
Your base Slings skill increases to level 3!
No target in view!
No target in view!
No target in view!
No target in view!
g - 282 stones (gained 2)
g - 283 stones (gained 1)
g - 284 stones (gained 1)
g - 285 stones (gained 1)
You see here a broad axe.
g - 287 stones (gained 2)
g - 288 stones (gained 1)
g - 289 stones (gained 1)
You see here a broad axe.
You now have 495 gold pieces (gained 12).
You see here a broad axe.
Found 29 arrows.
You see here 29 arrows.
A two-headed ogre comes into view.
It is wielding two +0 giant spiked clubs.
The two-headed ogre shouts in stereo!
The wolf howls!
A two-headed ogre zombie comes into view.
You shoot a stone. The stone hits the two-headed ogre.
The stone burns the two-headed ogre.
The two-headed ogre is lightly wounded.
A two-headed ogre zombie comes into view.
You shoot a stone. The stone hits the two-headed ogre.
The stone burns the two-headed ogre.
The two-headed ogre is lightly wounded.
A two-headed ogre zombie comes into view.
You shoot a stone. The stone hits the two-headed ogre!
The stone burns the two-headed ogre.
The two-headed ogre is moderately wounded.
You shoot a stone.
The stone hits the two-headed ogre but does no damage.
The two-headed ogre is moderately wounded.
You shoot a stone.
The stone hits the two-headed ogre but does no damage.
The two-headed ogre is moderately wounded.
The two-headed ogre hits you with a +0 giant spiked club!
You block the two-headed ogre's attack.
You see here 29 arrows.
You shoot a stone. The stone hits the two-headed ogre!
The stone burns the two-headed ogre.
The two-headed ogre is severely wounded.
You shoot a stone.
The stone hits the two-headed ogre but does no damage.
The two-headed ogre is severely wounded.
The two-headed ogre hits you with a +0 giant spiked club!
The two-headed ogre barely misses you.
You shoot a stone. The stone hits the two-headed ogre!
The stone burns the two-headed ogre.
The two-headed ogre is almost dead.
The two-headed ogre hits you with a +0 giant spiked club!!
The two-headed ogre hits you with a +0 giant spiked club.
* * * LOW HITPOINT WARNING * * *
Evoke which item? (* to show all) (? for menu, Esc to quit)
Okay, then.
Fire: 281 stones
Press: ? - help, Q - select action, (/) - cycle Shift-Dir - straight line, f/p - two-headed ogre
Aim: a two-headed ogre, wielding two +0 giant spiked clubs (almost dead)
You shoot a stone. The stone hits the two-headed ogre.
The stone burns the two-headed ogre.
The two-headed ogre is almost dead.
The two-headed ogre hits you with a +0 giant spiked club!
* * * LOW HITPOINT WARNING * * *
The two-headed ogre hits you with a +0 giant spiked club!
You die...

#.#####.#
....>...#
#####.######
#..<...######
###..#.)....#
#....####.##
###### #..#
##.# #@# #O#
#(# #Z# #Z#
..(Z.((Z#
..#######


You could see a two-headed ogre and 3 two-headed ogre zombies.

Vanquished Creatures
  Pikel (D:8)
  A cyclops (D:8)
  Maggie (D:8)
  A wyvern (D:7)
  A two-headed ogre zombie (D:9)
  3 orc warriors
  A sky beast (D:6)
  A black bear (D:9)
  An ice beast (D:8)
  2 ogres
  A lemure (D:8)
  3 centaurs
  A big kobold (D:8)
  4 bullfrogs
  A water moccasin zombie (D:7)
  3 scorpions
  2 water moccasin skeletons
  3 wights (D:7)
  2 howler monkeys (D:7)
  2 bullfrog zombies
  3 jellies
  2 bullfrog skeletons
  2 centaur skeletons (D:7)
  2 orc priests (D:5)
  2 hounds
  4 iguanas
  6 orc wizards
  3 worker ants
  A killer bee zombie (D:6)
  A hound zombie (D:7)
  3 hound skeletons
  A worker ant zombie (D:7)
  8 adders
  2 shadow imps
  3 white imps
  3 ufetubi
  2 oozes
  2 adder skeletons (D:6)
  6 worms
  4 dart slugs
  5 leopard geckos
  21 orcs
  3 ball pythons
  7 giant cockroaches
  A goblin (D:3)
  13 hobgoblins
  7 jackals
  3 quokkas
  9 bats
  6 frilled lizards
  11 kobolds
  A leopard gecko skeleton (D:8)
  A quokka zombie (D:7)
  8 rats
191 creatures vanquished.

Vanquished Creatures (others)
  14 fungi (D:9)
  15 plants
29 creatures vanquished.

Grand Total: 220 creatures vanquished

Notes
Turn   | Place    | Note
-------+----------+-------------------------------------------
     0 | D:1      | EnegeticOcto the Halfling Necromancer began the quest for
                  | the Orb.
     0 | D:1      | Reached XP level 1. HP: 11/11 MP: 3/3
   187 | D:1      | Reached skill level 1 in Fighting
   327 | D:1      | Reached XP level 2. HP: 13/18 MP: 0/4
  1251 | D:1      | Reached skill level 2 in Fighting
  1251 | D:1      | Reached XP level 3. HP: 19/24 MP: 5/5
  1609 | D:2      | Reached skill level 1 in Maces & Flails
  1826 | D:1      | Reached XP level 4. HP: 15/30 MP: 6/6
  2061 | D:2      | Found a glowing silver altar of Zin.
  2507 | D:2      | Found a blossoming altar of Fedhas.
  2833 | D:3      | Reached skill level 3 in Fighting
  2833 | D:3      | Reached skill level 2 in Maces & Flails
  2833 | D:3      | Reached XP level 5. HP: 17/36 MP: 7/7
  3190 | D:3      | Found a hide-covered altar of Uskayaw.
  3472 | D:3      | Found a shimmering altar of Xom.
  3905 | D:4      | Noticed an ogre
  3911 | D:4      | Reached skill level 3 in Maces & Flails
  3911 | D:4      | Reached XP level 6. HP: 33/42 MP: 8/8
  4532 | D:4      | Killed an ogre
  4533 | D:4      | Reached skill level 4 in Fighting
  4533 | D:4      | Reached skill level 4 in Maces & Flails
  4533 | D:4      | Reached XP level 7. HP: 48/48 MP: 9/9
  4948 | D:5      | Entered Level 5 of the Dungeon
  5043 | D:5      | Found a staircase to the Ecumenical Temple.
  5061 | Temple   | Entered the Ecumenical Temple
  5360 | D:5      | Reached skill level 5 in Maces & Flails
  6012 | D:6      | Reached XP level 8. HP: 48/54 MP: 10/10
  6197 | D:6      | Reached skill level 5 in Fighting
  6368 | D:6      | Reached skill level 6 in Maces & Flails
  6498 | D:6      | Found a burning altar of Makhleb.
  6498 | D:6      | Noticed a balrug
  7044 | D:6      | Reached skill level 7 in Maces & Flails
  7515 | D:6      | Reached XP level 9. HP: 37/62 MP: 11/11
  7793 | D:7      | Found an iron altar of Okawaru.
  7840 | D:7      | Reached skill level 6 in Fighting
  7850 | D:7      | Reached skill level 1 in Throwing
  8433 | D:7      | Reached skill level 2 in Throwing
  8509 | D:7      | Reached skill level 8 in Maces & Flails
  8512 | D:7      | Got a fading plate armour
  8522 | D:7      | Identified the cursed +1 plate armour "Behuly" {-Tele Harm
                  | rElec rPois Stlth+} (You found it on level 7 of the
                  | Dungeon)
  9074 | D:7      | Reached skill level 3 in Throwing
  9715 | D:8      | Noticed Maggie
  9739 | D:8      | Killed Maggie
  9740 | D:8      | Reached skill level 9 in Maces & Flails
  9740 | D:8      | Reached skill level 4 in Throwing
  9832 | D:8      | Reached XP level 10. HP: 68/68 MP: 12/12
  9835 | D:8      | Found a stormy altar of Qazlal.
  9857 | D:8      | Noticed Grum
 10020 | D:8      | Noticed a cyclops
 10051 | D:8      | Killed a cyclops
 10128 | D:8      | Noticed Pikel
 10162 | D:8      | Killed Pikel
 10163 | D:8      | Reached skill level 10 in Maces & Flails
 10163 | D:8      | Reached skill level 5 in Throwing
 11335 | D:8      | Became a worshipper of Qazlal Stormbringer
 11380 | D:9      | Reached skill level 1 in Slings
 11419 | D:9      | Reached skill level 2 in Slings
 11433 | D:9      | Found a shadowy altar of Dithmenos.
 11619 | D:9      | Reached skill level 3 in Slings
 11672 | D:9      | Noticed a two-headed ogre
 11685 | D:9      | Slain by a two-headed ogre

Illustrated notes

Levels and vault maps discovered:
D:1:      sevenhm_arrival_forest_fort_small_3, layout_loops_ring
D:2:      layout_loops_cross, old_standard_altar, fedhas_altar_1
D:3:      layout_loops_ring, nicolae_overflow_crystal_walls,
          general_overflow_altar, minmay_misc_feat_cross
D:4:      layout_cave_pools
D:5:      layout_rooms, minmay_temple_entry_gardened_gates
D:6:      layout_basic, makhleb_altar_promises_db, st_stairs_7
D:7:      layout_cave_pods, okawaru_metal_pillars_1_2, minmay_liquid_box,
          roderic_lattice_a
D:8:      layout_basic, grunt_qazlal_sundering, uniq_maggie, uniq_grum,
          uniq_pikel
D:9:      lemuel_ogre_cave, layout_basic, lemuel_coloured_pillars_altar,
          grunt_lair_entry_orc_guard_hut, uniq_gastronok
Temple:   nicolae_temple_great_sept

Skill      XL: |  1  2  3  4  5  6  7  8  9 10 |
---------------+-------------------------------+-----
Fighting       | 1 2 3 4 5 6 |  6.0
Maces & Flails | 1 2 3 4 5 7 9 10 | 10.3
Throwing       | 4 5 |  5.5
Slings         | 3 |  3.5
Short Blades   | |  0.4
Dodging        | |  2.1
Stealth        | |  2.1
Spellcasting   | |  1.5
Necromancy     | |  3.2

Action                   |  1- 3 |  4- 6 |  7- 9 | 10-12 || total
-------------------------+-------+-------+-------+-------++-------
Melee: Whip              |    48 |   202 |   431 |   116 ||   797
       Short sword       |    21 |       |       |       ||    21
       Flail             |       |       |    50 |       ||    50
 Fire: Fustibalus        |       |       |       |    32 ||    32
Throw: Boomerang         |       |       |    19 |     7 ||    26
 Cast: Pain              |    25 |       |       |       ||    25
Evoke: Wand              |       |       |     4 |       ||     4
  Use: Scroll            |       |     4 |     6 |     6 ||    16
       Potion            |       |       |     1 |       ||     1
 Stab: Sleeping          |     1 |     1 |     2 |       ||     4
       Distracted        |       |     1 |       |       ||     1
Armor: Ring mail         |    14 |    52 |    68 |       ||   134
       Robe              |     2 |       |       |       ||     2
       Plate armour      |       |       |    58 |    49 ||   107
       Scale mail        |       |       |    34 |       ||    34
Dodge: Dodged            |    48 |   147 |   170 |    12 ||   377
Block: Buckler           |       |       |    76 |    21 ||    97
